 Dungeon Crawl Stone Soup version 0.22.1-1-ga44c0e5 (webtiles) character file.

91 bloo the Conjurer (level 4, -1/24 HPs)
             Began as a Deep Elf Conjurer on Oct 5, 2018.
             Killed by divine providence
             ... invoked by an orc priest
              (13 damage)
             ... on level 3 of the Dungeon on Oct 6, 2018.
             The game lasted 00:11:49 (2951 turns).

bloo the Conjurer (Deep Elf Conjurer)               Turns: 2951, Time: 00:11:53

Health: -1/24      AC:  2    Str:  5    XL:     4   Next: 33%
Magic:  6/10       EV: 13    Int: 21    God:
Gold:   205        SH:  0    Dex: 15    Spells: 6/9 levels left

rFire    . . .     SeeInvis .   n - +1 short sword
rCold    . . .     Gourm    .   (no shield)
rNeg     . . .     Faith    .   a - +0 robe
rPois    .         Spirit   .   (no helmet)
rElec    .         Reflect  .   (no cloak)
rCorr    .         Harm     .   (no gloves)
MR       .....                  (no boots)
Stlth    ++........             (no amulet)
HPRegen  0.08/turn              (no ring)
MPRegen  0.12/turn              (no ring)

@: no status effects
A: no striking features
a: no special abilities


You were on level 3 of the Dungeon.
You were not hungry.

You visited 1 branch of the dungeon, and saw 3 of its levels.

You collected 205 gold pieces.

Inventory:

Hand Weapons
 n - a +1 short sword (weapon)
Missiles
 e - 86 stones (quivered)
Armour
 a - a +0 robe (worn)
Jewellery
 d - an uncursed ring of wizardry {unknown}
 g - an uncursed ring of poison resistance {unknown}
 m - an uncursed ring of fire {unknown}
 q - an uncursed amulet of the acrobat {unknown}
Scrolls
 f - a scroll of amnesia
 j - 2 scrolls of enchant weapon
 l - a scroll of remove curse {unknown}
 o - a scroll of identify {unknown}
 p - a scroll of enchant armour {unknown}
Potions
 b - 2 potions of haste {unknown}
 h - 2 potions of curing {unknown}
 k - a potion of degeneration {unknown}
Comestibles
 c - 11 rations
 i - 3 chunks of flesh


   Skills:
 - Level 2.4 Dodging
 - Level 2.4 Stealth
 - Level 3.1 Spellcasting
 + Level 6.4 Conjurations


You had 6 spell levels left.
You knew the following spells:

 Your Spells              Type           Power        Failure   Level  Hunger
a - Magic Dart            Conj           ####         1%          1    None
b - Searing Ray           Conj           ####..       1%          2    ##.....

Your spell library contained the following spells:

 Spells                   Type           Power        Failure   Level  Hunger
 Iskenderun's Mystic Bla  Conj           ####....     10%         4    ####...
 Dazzling Spray           Conj/Hex       ###...       11%         3    ###....
 Animate Skeleton         Necr           N/A          13%         1    None
 Apportation              Tloc           #.....       13%         1    None
 Confusing Touch          Hex            #.....       13%         1    None
 Summon Small Mammal      Summ           #...         13%         1    None
 Force Lance              Conj/Tloc      ###.....     34%         4    ####...
 Fulminant Prism          Conj/Hex       ###.......   34%         4    ####...


Dungeon Overview and Level Annotations

Branches:
Dungeon (3/15)

Altars:
Ashenzari
Trog
Yredelemnul


Message History

Press: ? - help, Shift-Dir - straight line, f - orc
Aim: an orc, wielding a whip (hasn't noticed you)
The magic dart hits the orc.
The orc is moderately wounded.
The orc shouts!
The orc priest calls down the wrath of Beogh upon you.
Beogh smites you!
Ouch! That really hurt!
Casting: Magic Dart (safe; 1% risk of failure)
Confirm with . or Enter, or press ? or * to list all spells.
Aiming: Searing Ray (safe; 1% risk of failure)
Press: ? - help, Shift-Dir - straight line, f - orc priest
Aim: an orc priest, wielding a falchion (heavily wounded)
The searing ray hits the orc priest.
The orc priest is almost dead. (Press . to maintain the ray.)
The orc priest calls down the wrath of Beogh upon you.
Beogh smites you!
Ouch! That really hurt!
You die...

########
#...@..#
#o####.# #.# #.#
#.#
#.############
#)#
#....†......)###
##o#
#####.........[.
#.o#
#.#.####.###
#.## #.#.# #.#
#) #.#.# #.#


You could see an orc priest.

Vanquished Creatures
  2 adders
  An ooze (D:1)
  2 worms
  A dart slug (D:1)
  A leopard gecko (D:2)
  3 orcs (D:3)
  5 bats
  4 giant cockroaches
  6 goblins
  5 hobgoblins (D:1)
  4 jackals
  8 kobolds
  A quokka (D:2)
  A ball python (D:3)
  2 frilled lizards
  8 rats
54 creatures vanquished.

Notes
Turn   | Place    | Note
-------+----------+-------------------------------------------
     0 | D:1      | bloo the Deep Elf Conjurer began the quest for the Orb.
     0 | D:1      | Reached XP level 1. HP: 10/10 MP: 6/6
   582 | D:1      | Reached XP level 2. HP: 15/15 MP: 5/8
   665 | D:1      | Learned a level 2 spell: Searing Ray
   729 | D:1      | Reached skill level 5 in Conjurations
   973 | D:1      | Reached XP level 3. HP: 19/19 MP: 7/9
  1910 | D:2      | Found a bloodstained altar of Trog.
  2089 | D:2      | Reached skill level 6 in Conjurations
  2153 | D:2      | Found a basalt altar of Yredelemnul.
  2340 | D:2      | Found a shattered altar of Ashenzari.
  2467 | D:3      | Reached XP level 4. HP: 24/24 MP: 7/10
  2517 | D:3      | Noticed a centaur
  2951 | D:3      | Killed from afar by an orc priest

Skill      XL: |  1  2  3 |
---------------+----------+-----
Conjurations   | 5 6 |  6.4
Dodging        | |  2.4
Stealth        | |  2.4
Spellcasting   | |  3.1

Action                   |  1- 3 |  4- 6 || total
-------------------------+-------+-------++-------
Melee: Unarmed           |     1 |       ||     1
 Cast: Magic Dart        |    60 |    19 ||    79
       Searing Ray       |    11 |     5 ||    16
  Use: Scroll            |     3 |       ||     3
  Eat: Chunk             |     2 |     1 ||     3
       Ration            |     1 |       ||     1
Dodge: Dodged            |     6 |     2 ||     8
